Map: Abyssal Reef LE

Players

iPlayDefense

  • Race: Protoss Protoss
  • League: Silver
  • Spawn Location: 11:00

CapitolH - Winner!

  • Race: Terran Terran
  • League: Silver
  • Spawn Location: 5:00

VOD

Have the link to the VOD?

Description

Time

  • Played on: April 14, 2025, 1:12 p.m.
  • Length: 12:26
Show
View Real Time Build Order
Export as new Build Order

iPlayDefense Protoss 

Build Orders:  

Get SALT Encoding   

  12  0:03  Probe  
  13  0:17  Probe  
  14  0:22  Pylon  
  14  0:30  Assimilator  
  14  0:37  Probe  
  15  0:49  Probe  
  16  0:52  Gateway  
  16  1:01  Probe  
  17  1:13  Probe  
  17  1:17  Forge  
  18  1:25  Probe  
  18  1:27  Pylon  
  19  1:36  Pylon  
  19  1:37  Probe  
  20  1:48  Cybernetics Core  
  20  1:50  Zealot  
  22  2:17  Zealot  
  24  2:26  Photon Cannon  
  24  2:41  Nexus  
  24  2:42  Assimilator  
  24  2:57  Stalker  
  26  3:06  Gateway  
  26  3:11  Probe  
  27  3:23  Probe  
  27  3:24  Stalker, Pylon  
  28  3:33  Pylon  
  26  3:54  Photon Cannon  
  26  3:57  Photon Cannon  
  26  3:58  Probe  
  27  4:07  Probe  
  28  4:10  Probe  
  29  4:19  Probe  
  29  4:20  Stargate  
  29  4:22  Probe  
  31  4:32  Probe  
  31  4:34  Probe  
  33  4:43  Photon Cannon  
  33  4:44  Probe  
  34  4:46  Warp Gate  
  34  5:05  Probe  
  34  5:06  Probe  
  36  5:13  Stalker  
  36  5:18  Probe  
  39  5:29  Probe x2  
  41  5:36  Pylon  
  41  5:37  Probe  
  41  5:40  Stalker  
  41  5:41  Probe  
  43  5:45  Probe  
  46  5:53  Probe  
  47  6:07  Stalker  
  47  6:09  Protoss Shields Level 1  
  49  6:17  Stalker  
  49  6:25  Stargate  
  51  6:34  Stalker  
  51  6:36  Nexus  
  53  6:44  Stalker  
  53  6:45  Photon Cannon  
  53  6:48  Photon Cannon  
  55  6:54  Assimilator  
  55  7:00  Assimilator  
  55  7:01  Stalker  
  55  7:04  Probe  
  58  7:11  Stalker  
  58  7:12  Probe  
  69  7:23  Void Ray  
  69  7:24  Void Ray, Probe  
  69  7:27  Pylon  
  69  7:28  Stalker  
  70  7:36  Probe  
  73  7:39  Stalker  
  73  7:42  Probe  
  76  7:48  Assimilator, Probe  
  77  7:54  Probe  
  77  7:55  Stalker, Photon Cannon  
  78  8:00  Probe  
  81  8:06  Stalker, Probe  
  81  8:12  Probe, Photon Cannon  
  85  8:13  Probe  
  85  8:14  Photon Cannon  
  85  8:18  Probe  
  87  8:21  Probe x2  
  87  8:22  Stalker  
  91  8:29  Probe  
  91  8:31  Probe  
  91  8:33  Stalker  
  93  8:39  Probe  
  95  8:43  Probe  
  95  8:44  Assimilator  
  97  8:49  Stalker  
  97  8:51  Probe  
  97  8:55  Probe  
  101  9:03  Pylon  
  101  9:06  Pylon  
  101  9:18  Stalker x2  
  101  9:21  Probe x2  
  107  9:30  Pylon  
  107  9:33  Probe, Pylon  
  112  9:46  Probe  
  112  9:51  Void Ray x2  
  119  9:58  Probe  
  118  10:10  Probe  
  119  10:14  Stalker  
  119  10:16  Stalker  
  127  10:34  Void Ray x2  
  131  10:39  Stalker  
  133  10:45  Photon Cannon  
  133  10:52  Pylon  
  133  10:59  Pylon  
  133  11:09  Photon Cannon  
  137  11:17  Void Ray x2, Pylon  
  141  11:20  Pylon  
  141  11:24  Pylon  
  141  11:42  Photon Cannon  
  141  11:48  Photon Cannon  
  141  11:49  Stalker x2  
  141  11:50  Photon Cannon  
Show
View Real Time Build Order
Export as new Build Order

CapitolH Terran - Winner!

Build Orders: 1/1/1 

Get SALT Encoding   

  12  0:00  SCV  
  13  0:18  Supply Depot  
  13  0:22  SCV  
  13  0:25  Refinery  
  14  0:34  SCV  
  15  0:43  Barracks  
  15  0:53  Supply Depot  
  15  0:59  SCV  
  16  1:09  Refinery  
  17  1:11  SCV  
  17  1:22  Supply Depot  
  17  1:35  Factory  
  17  1:43  SCV  
  18  1:55  SCV  
  19  2:03  Marine  
  19  2:07  Orbital Command  
  20  2:21  Starport  
  20  2:24  Factory Tech Lab  
  20  2:29  Barracks Tech Lab  
  20  2:35  SCV  
  21  2:46  Siege Tank  
  21  2:50  SCV  
  25  3:02  Starport Tech Lab, SCV  
  26  3:12  Fusion Core  
  26  3:14  SCV  
  26  3:16  Marine  
  28  3:26  SCV  
  29  3:29  Stimpack  
  28  4:02  Supply Depot  
  28  4:14  Battlecruiser  
  34  4:21  SCV  
  35  4:28  Command Center  
  35  4:32  Marine  
  36  4:40  Supply Depot  
  36  5:04  Supply Depot  
  36  5:10  SCV  
  36  5:13  Marine  
  38  5:18  Battlecruiser  
  44  5:22  SCV  
  45  5:31  Marine  
  45  5:34  SCV  
  47  5:47  SCV  
  47  5:49  Marine  
  49  5:57  Barracks  
  49  5:59  SCV  
  50  6:06  Marine  
  50  6:09  Supply Depot  
  50  6:10  Siege Tank  
  54  6:20  SCV x2  
  56  6:32  Supply Depot, SCV x2, Refinery  
  58  6:34  Refinery  
  58  6:44  SCV x2  
  60  6:56  SCV x2  
  62  7:04  Barracks Reactor  
  62  7:08  SCV  
  62  7:09  SCV  
  62  7:15  Command Center  
  64  7:20  SCV  
  64  7:21  SCV, Battlecruiser  
  72  7:26  Armory  
  72  7:39  Starport  
  72  7:42  Marine  
  72  7:43  Marine  
  74  7:45  Marine  
  75  7:52  SCV x2  
  77  8:00  Marine x2  
  77  8:03  Marine  
  77  8:04  SCV x2  
  82  8:15  Armory  
  82  8:16  SCV x2  
  82  8:18  Marine x2, Terran Ship Weapons Level 1  
  86  8:20  Marine  
  86  8:25  Battlecruiser, Engineering Bay  
  93  8:28  SCV  
  94  8:34  Barracks  
  94  8:36  Marine x2  
  94  8:38  Marine  
  97  8:52  Starport Tech Lab  
  97  8:54  Marine x2  
  99  8:56  Marine  
  100  9:08  SCV x3  
  103  9:12  Marine x2, Refinery  
  103  9:14  Marine  
  106  9:20  SCV  
  106  9:21  SCV x2  
  106  9:23  Barracks Reactor  
  109  9:38  Refinery  
  109  9:41  Supply Depot  
  109  9:50  Terran Infantry Weapons Level 1  
  109  9:51  Terran Vehicle And Ship Armor Level 1  
  109  10:02  SCV x2, Marine x2, Medivac x2  
  109  10:03  Supply Depot  
  117  10:24  Marine x3  
  117  10:25  SCV x3  
  117  10:26  Supply Depot x2  
  123  10:37  SCV x2  
  125  10:48  Marine x3  
  125  10:49  SCV  
  129  10:50  Supply Depot x2  
  129  11:04  Battlecruiser  
  129  11:05  Battlecruiser  
  141  11:11  Marine  
  141  11:12  Supply Depot  
  141  11:13  Supply Depot  
  142  11:25  Starport  
  142  11:26  Marine x2  
  142  11:28  Marine  
  142  11:29  Marine x2  
  147  11:36  Supply Depot x2  
  147  11:42  Command Center  
  147  11:44  Marine x2, Refinery  
  147  11:46  Marine x2  
  151  11:47  Marine  
  152  12:00  Supply Depot  
  147  12:01  Supply Depot  
  147  12:04  Marine x2  
  147  12:05  Marine  
  150  12:10  Refinery  
Tags
 
Matchup
PvT
Opening
1/1/1
Replay Pack
DaveSC2
Spawn Locations
Cross Positions
Add a new tag
Caveats
  • Supply blocks, unpowered buildings, or Contaminate may cause inaccurate times.
  • Supply counts are checked every 10 seconds.